AoeStats
← JamesRowle

Arabia

508727754Analyzed
1v1 RM · 9d ago on Sep 23, 2026· 47m 17s· 2 players
Game mode
Random Map
Map size
Tiny (2 player)
Population
200
Speed
Normal
Resources
Standard
Victory
Conquest
Starting age
Dark Age
Ending age
Imperial Age
RankedLock teamsTeams togetherTeam positionsShared explorationLock speedFull tech treeHidden civsTurbo modeCheats
Victory
Defeat
🇨🇭 Italians · Switzerland
1321
+15
🇩🇪 Danes · Germany
1303
-15
JamesRowle
6:13 Loom
9:47 Feudal Age
12:00 Wheelbarrow
11:46 Double-Bit Axe
14:59 Gold Mining
21:00 Castle Age
21:18 Fletching
22:50 Scale Mail Armor
23:20 Elite Skirmisher
27:23 Bow Saw
29:23 Bodkin Arrow
35:21 Squires
39:48 Forging
40:20 Chain Mail Armor
42:44 Hamask
44:06 Ballistics
47:49 Imperial Age
46:01 Padded Archer Armor
48:05 Iron Casting
stevenfenner59
6:36 Loom
9:17 Feudal Age
14:20 Fletching
15:22 Padded Archer Armor
22:58 Castle Age
20:59 Horse Collar
21:32 Double-Bit Axe
21:49 Gold Mining
22:41 Forging
23:46 Bodkin Arrow
23:40 Crossbowman
26:34 Scale Barding Armor
26:25 Heated Shot
27:14 Wheelbarrow
27:47 Town Watch
31:29 Ballistics
36:28 Imperial Age
34:51 Iron Casting
35:08 Bloodlines
36:08 Heavy Plow
36:29 Cavalier
37:32 Chain Barding Armor
39:57 Blast Furnace
39:27 Husbandry
44:13 Bow Saw
44:32 Heated Shot
46:07 Bracer
47:10 Hand Cart
Connection lost

Rejoining the realm…

Still unreachable

The connection could not be restored.

Session expired

The server has moved on; the page needs a fresh start.